 Dungeon Sprint DCSS version 0.32-a0-685-g93135e86f0 (webtiles) character file.

Game seed: 10089744721280713350

1094 Prakerore the Fetichist (level 8, 0/64 HPs)
             Began as a Coglin Hunter on Mar 13, 2024.
             Was an Initiate of Gozag.
             Succumbed to their own poison gas
             ... in the Dungeon (Sprint III: "The Ten Rune Challenge").
             The game lasted 00:05:20 (769 turns).

Prakerore the Fetichist (Coglin Hunter)              Turns: 769, Time: 00:05:21

Health: 0/64       AC:  3    Str: 12    XL:     8   Next: 31%
Magic:  8/8        EV: 17    Int:  8    God:    Gozag
Gold:   23         SH:  0    Dex: 20    Spells: 7/7 levels left

rFire   . . .        a - +2 sling {Kanchana}
rCold   . . .        d - +0 sling {Fikile}
rNeg    . . .        c - +0 leather armour
rPois   .            (no helmet)
rElec   .            (no cloak)
rCorr   .            (no gloves)
SInv    .            (no boots)
Will    .....        (amulet unavailable)
Stlth   +++          (ring unavailable)
HPRegen 0.30/turn    (ring unavailable)
MPRegen 0.11/turn    (no gizmo)

%: no teleportation
@: lethally poisoned (0 -> -3), gold aura, on berserk cooldown, slowed, very
slow
A: off-hand wielding, slow wielding, warmup strikes, no jewellery
a: Invent Gizmo, Renounce Religion, Potion Petition, Call Merchant, Bribe Branch


You were in the Dungeon.
You worshipped Gozag.
Gozag was noncommittal.
You visited 1 branch You collected 23 gold pieces.

Inventory:

Hand Weapons
 a - a +2 sling (weapon) {Kanchana}
 d - a +0 sling (offhand) {Fikile}
Armour
 c - a +0 leather armour (worn)
Scrolls
 b - a scroll of butterflies
Potions
 e - 4 potions of mutation
 h - 2 potions of magic
 l - 2 potions of enlightenment
Miscellaneous
 g - a phial of floods


   Skills:
 - Level 6.0 Fighting
 - Level 8.0 Ranged Weapons
 - Level 7.9 Dodging
 - Level 4.0 Stealth
 + Level 15.0 Evocations


You had 7 spell levels left.
You didn't know any spells.
Your spell library contained the following spells:

 Spells                   Type           Power      Damage    Failure   Level
 Shock                    Conj/Air       0%         1d3       50%         1
 Swiftness                Air            0%         N/A       86%         3
 Airstrike                Air            0%         2d(0-16)  99%         4


Dungeon Overview and Level Annotations

Branches:
Dungeon (1/1)

Altars:
Cheibriados
Fedhas
Gozag
Hepliaklqana
Makhleb
Nemelex Xobeh
Qazlal
Xom
Jiyva
Lugonu


Innate Abilities, Weirdness & Mutations

You can wield a second weapon in your off-hand.
It takes a long time for you to wield or remove held weapons.
Your first few attacks do less damage.
You cannot equip rings or amulets.


Message History

Flame seeps out of Josephine.
Josephine says, "I'll make a rug of your skin."
Unknown command.
* * * LOW HITPOINT WARNING * * *
You feel very sick.
Okay, then.
Okay, then.
A red film seems to cover your vision as you go berserk!
You feel yourself moving faster!
You feel mighty!
* * * LOW HITPOINT WARNING * * *
You feel sick.
You feel a strong urge to attack something.
* * * LOW HITPOINT WARNING * * *
You feel sick.
* * * LOW HITPOINT WARNING * * *
You feel sick.
You feel your anger nearly subside.
* * * LOW HITPOINT WARNING * * *
You feel sick.
You feel a bit more experienced.
You hear an explosion!
You hear a faint sloshing from your phial of floods as it returns to readiness.
Your life force feels restored.
Your Evocations skill gained 8 levels and is now at level 15!
You have reached level 8!
You feel agile.
You are no longer berserk.
You are exhausted.
You feel yourself slow down.
* * * LOW HITPOINT WARNING * * *
You feel sick.
Unknown command.
Okay, then.
Okay, then.
Okay, then.
Unknown command.
Okay, then.
* * * LOW HITPOINT WARNING * * *
You feel sick.
You die...
Your body crumbles into a pile of gold.

▓▓▓▓▓ ▓▓▓ #...#### ##.#
#......#####..# #....)..#..#..#
##.##...#..#..###+#+###+##
##.###..##'#..#.........○#
###.##..###...'.@.......☼#
#..##..####...#...######'#
...##..###....#.⌠.#__#...#+#####
..##...##.....#...#__#...#§@§~§+
.##....#......#+###__#..@#.#§§§#
###..##.#.....# #__#...'.#~§§# #
#..#####....# #__'...#.#§~§# ▓
▓▓▓▓ ▓▓▓▓▓▓ ▓▓▓▓▓▓▓▓▓▓▓▓▓▓


There were no monsters in sight!

Vanquished Creatures
  Josephine (D)
  A shadow (D)
  A spatial vortex (D)
  A scorpion (D)
  A water elemental (D)
  A jelly (D)
  Jessica (D)
  A human (D)
  An endoplasm (D)
  2 rats (D)
11 creatures vanquished.

Notes
Turn   | Place    | Note
-------+----------+-------------------------------------------
     0 | D        | Prakerore the Coglin Hunter began the quest for the Orb.
     0 | D        | Reached XP level 1. HP: 16/16 MP: 1/1
    22 | D        | Noticed Jessica
    24 | D        | Killed Jessica
    25 | D        | Reached XP level 2. HP: 22/22 MP: 2/2
    25 | D        | Reached XP level 3. HP: 27/27 MP: 3/3
    79 | D        | Noticed a scorpion
    91 | D        | Killed a scorpion
    92 | D        | Reached XP level 4. HP: 17/35 MP: 4/4
   224 | D        | Noticed a water elemental
   543 | D        | Killed a water elemental
   544 | D        | Reached skill level 5 in Fighting
   544 | D        | Reached XP level 5. HP: 44/44 MP: 5/5
   574 | D        | Noticed a shadow
   584 | D        | Killed a shadow
   585 | D        | Reached XP level 6. HP: 23/52 MP: 6/6
   708 | D        | Found a blossoming altar of Fedhas.
   708 | D        | Found a stormy altar of Qazlal.
   709 | D        | Found a snail-covered altar of Cheibriados.
   709 | D        | Found a burning altar of Makhleb.
   709 | D        | Found a hazy altar of Hepliaklqana.
   709 | D        | Found a shimmering altar of Xom.
   709 | D        | Found an opulent altar of Gozag.
   709 | D        | Found a sparkling altar of Nemelex Xobeh.
   709 | D        | Found a corrupted altar of Lugonu.
   709 | D        | Found a viscous altar of Jiyva.
   709 | D        | Noticed a spatial vortex
   718 | D        | Killed a spatial vortex
   719 | D        | Reached skill level 7 in Evocations
   719 | D        | Reached XP level 7. HP: 58/58 MP: 7/7
   724 | D        | Became a worshipper of Gozag Ym Sagoz the Greedy
   736 | D        | Noticed Josephine
   766 | D        | HP: 4/82 [poisoned by you (poison gas)]
   766 | D        | Killed Josephine
   767 | D        | Reached skill level 15 in Evocations
   767 | D        | Reached XP level 8. HP: 5/64 MP: 8/8
   769 | D        | Succumbed to their own poison gas

Illustrated notes

Levels and vault maps discovered:
D:        dungeon_sprint_mu [sprint_mu_entry_cave, sprint_mu_temple_rooms,
          sprint_mu_d1_horrors, sprint_mu_d2_genie, sprint_mu_d3_branching,
          sprint_mu_orc_legion, sprint_mu_elf_gauntlet, sprint_mu_hive_nellie,
          sprint_mu_lair_fedhas, sprint_mu_vaults_butterflies,
          sprint_mu_slime_circle, sprint_mu_shoals_archi,
          sprint_mu_snake_twists, sprint_mu_blade_basic, sprint_mu_crypt_lich,
          sprint_mu_tomb_spiral, sprint_mu_vestibule_basic,
          sprint_mu_gehenna_hellfire, sprint_mu_dis_giant,
          sprint_mu_tartarus_statrot, sprint_mu_cocytus_islands, sprint_mu_zot1]

Skill      XL: |  1  2  3  4  5  6  7 |
---------------+----------------------+-----
Ranged Weapons | 6 8 |  8.0
Stealth        | 2 3 4 |  4.0
Fighting       | 3 5 6 |  6.0
Dodging        | 3 4 7 |  7.9
Evocations     | 7 15 | 15.0

Action                     |  1- 3 |  4- 6 |  7- 9 || total
---------------------------+-------+-------+-------++-------
   Fire: Sling             |    52 |    64 |    18 ||   134
  Evoke: Phial of floods   |       |       |     1 ||     1
    Use: Potion            |     2 |     1 |     1 ||     4
         Scroll            |       |     4 |     3 ||     7
 Armour: Leather armour    |    10 |     5 |     4 ||    19
  Dodge: Dodged            |     7 |     2 |     2 ||    11

Table legend: (Time is in decaauts)
 A = Elapsed time spent in this place.
 B = Non-inter-level travel time spent in this place.
 C = Inter-level travel time spent in this place.
 D = Time resting spent in this place.
 E = Time spent auto-exploring this place.
 F = Levels seen in this place.
 G = Mean time per level.
                   A        B        C        D        E       F      G
               +--------+--------+--------+--------+--------+-----+--------+
         Total |    753 |    753 |      0 |    522 |     57 |   1 |  753.0 |
       Dungeon |    753 |    753 |      0 |    522 |     57 |   1 |  753.0 |
               +--------+--------+--------+--------+--------+-----+--------+

Top non-repeatable levels by time:
       D: 753 daAuts
